 Dungeon Crawl Stone Soup version 0.18.1-48-g4cf74bf (webtiles) character file.

963 GFox the Shield-Bearer (level 7, -6/62 HPs)
             Began as a Minotaur Fighter on July 19, 2016.
             Was a Believer of Makhleb.
             Mangled by a gargoyle
             ... wielding a +0 flail
              (7 damage)
             ... on level 6 of the Dungeon.
             The game lasted 00:33:26 (4411 turns).

GFox the Shield-Bearer (Minotaur Fighter)           Turns: 4411, Time: 00:33:29

Health: -6/62      AC: 15    Str: 21 (23) XL:     7   Next: 92%
Magic:  6/6        EV:  7    Int:  3 (5)  God:    Makhleb [**....]
Gold:   225        SH: 10    Dex:  8 (9)  Spells: 0 memorised, 6 levels left

rFire  . . .     SeeInvis .     a - +0 war axe
rCold  + + .     Gourm    .     p - +2 chain mail {rC+}
rNeg   . . .     Faith    .     c - +0 shield
rPois  .         Spirit   .     r - +0 hat
rElec  .         Dismiss  .     (no cloak)
rCorr  .         Reflect  .     g - +2 pair of gloves
SustAt .         Harm     .     (no boots)
MR     .....                    (no amulet)
Stlth  ..........               t - ring of stealth
                                y - ring of protection from cold

@: not resistant to hostile enchantments, extremely unstealthy
A: retaliatory headbutt, horns 2
a: Minor Destruction, Renounce Religion


You were on level 6 of the Dungeon.
You worshipped Makhleb.
Makhleb was pleased with you.
You were not hungry.

You visited 1 branch of the dungeon, and saw 6 of its levels.

You collected 307 gold pieces.
You spent 82 gold pieces at shops.

Inventory:

Hand Weapons
 a - a +0 war axe (weapon)
Armour
 c - a +0 shield (worn)
 g - a +2 pair of gloves (worn)
 p - a +2 chain mail of cold resistance (worn)
 r - a +0 hat (worn)
Jewellery
 t - a ring of stealth (right hand)
 y - a ring of protection from cold (left hand)
Scrolls
 e - a scroll of fog
 l - 2 scrolls of fear
 n - a scroll of identify
 v - a scroll of enchant weapon
Potions
 d - 2 potions of might
 h - a potion of mutation {unknown}
 i - 2 potions of heal wounds
 k - a potion of invisibility {unknown}
 m - a potion of curing
 u - a potion of brilliance
Comestibles
 b - 2 chunks of flesh
 f - 3 bread rations
 j - 8 fruits
 x - 2 meat rations


   Skills:
 + Level 5.9 Fighting
 + Level 5.1 Axes
 + Level 6.0 Armour
 + Level 3.6 Dodging
 + Level 0.1 Stealth
 + Level 6.8 Shields


You had 6 spell levels left.
You didn't know any spells.

Dungeon Overview and Level Annotations

Branches:
Dungeon (6/15)             Temple (0/1) D:6

Altars:
Elyvilon
Fedhas
Kikubaaqudgha
Makhleb
Nemelex Xobeh
Ru
Xom

Shops:
D:4 ?   D:5 =   D:6 *}


Innate Abilities, Weirdness & Mutations

You reflexively headbutt those who attack you in melee.
You have a pair of horns on your head.


Message History

You completely miss the gargoyle.
The gargoyle is lightly damaged.
The gargoyle hurls a stone arrow at you.
The stone arrow hits you!
* * * LOW HITPOINT WARNING * * *
You closely miss the gargoyle.
The gargoyle hurls a stone arrow at you.
The stone arrow misses you.
Drink which item? (? for menu, Esc to quit)
Okay, then.
Read which item? (? for menu, Esc to quit)
Okay, then.
Okay, then.
You hit the gargoyle but do no damage.
You headbutt the gargoyle, but do no damage.
The gargoyle hurls a stone arrow at you.
The stone arrow hits you!
* * * LOW HITPOINT WARNING * * *
The gargoyle hits you with a flail!
You die...

##.........#.#.##........##.#
###........#.# ##..##.#####.#
# #........#.# #.......###.#
# #........#.# #...........#
###........#.# #.###.#.#####
...........#.#. #.# #.#.#
.......#.....#.##.#####.#
.......#.............##.#
#####..........9@.......# #
#.....##..#######..#.# #
#.....##. #..### #.....# #..#
# ###..... #..# # ##..#. ...#
# ..#.. #.## ... .. #.# ###


You could see a gargoyle.

Vanquished Creatures
  An ogre (D:4)
  A phantom (D:6)
  The ghost of Fhtagn the Conjurer, an amateur GrWz (D:3)
  A crimson imp (D:3)
  3 hounds
  A centaur skeleton (D:5)
  Ijyb (D:2)
  2 iguanas (D:4)
  Natasha (twice) (D:3)
  3 orc wizards
  3 worker ants
  A hound skeleton (D:4)
  7 gnolls
  9 adders
  An ooze (D:5)
  3 worms
  An adder skeleton (D:4)
  A dart slug (D:4)
  3 giant geckos
  14 orcs
  2 ball pythons
  5 giant cockroaches
  12 goblins
  4 hobgoblins
  11 jackals
  3 kobolds
  2 quokkas
  4 bats
  A giant gecko zombie (D:5)
  7 giant newts
  18 rats
128 creatures vanquished.

Notes
Turn   | Place    | Note
--------------------------------------------------------------
     0 | D:1      | GFox the Minotaur Fighter began the quest for the Orb.
     0 | D:1      | Reached XP level 1. HP: 19/19 MP: 0/0
    61 | D:1      | Reached XP level 2. HP: 27/27 MP: 1/1
   789 | D:2      | Reached XP level 3. HP: 26/33 MP: 2/2
  1129 | D:2      | Found a white marble altar of Elyvilon.
  1271 | D:2      | Noticed Ijyb
  1283 | D:2      | Killed Ijyb
  1283 | D:2      | Reached XP level 4. HP: 37/40 MP: 3/3
  1420 | D:2      | Reached skill level 1 in Dodging
  1604 | D:3      | Noticed Fhtagn's ghost (amateur GrWz)
  1619 | D:3      | Killed Fhtagn's ghost
  1619 | D:3      | Reached XP level 5. HP: 37/47 MP: 4/4
  1768 | D:3      | Found a shimmering altar of Xom.
  1768 | D:3      | Found a burning altar of Makhleb.
  1994 | D:3      | Became a worshipper of Makhleb the Destroyer
  2006 | D:3      | Noticed Natasha
  2012 | D:3      | Killed Natasha
  2108 | D:3      | Reached XP level 6. HP: 43/53 MP: 5/5
  2114 | D:3      | Noticed Natasha
  2123 | D:3      | Killed Natasha
  2123 | D:3      | Reached skill level 5 in Armour
  2254 | D:3      | Reached skill level 5 in Shields
  2320 | D:3      | Reached * piety under Makhleb
  2670 | D:4      | Found Ajysues's Magic Scroll Emporium.
  2698 | D:4      | Reached skill level 5 in Fighting
  2710 | D:4      | Bought a scroll of enchant weapon for 82 gold pieces
  2815 | D:4      | Reached XP level 7. HP: 45/61 MP: 6/6
  3254 | D:4      | Found a blossoming altar of Fedhas.
  3262 | D:4      | Reached ** piety under Makhleb
  3395 | D:5      | Entered Level 5 of the Dungeon
  3566 | D:5      | Found a sparkling altar of Nemelex Xobeh.
  3633 | D:5      | Found a sacrificial altar of Ru.
  3652 | D:5      | Found Gucsexae's Jewellery Emporium.
  3933 | D:6      | Found a staircase to the Ecumenical Temple.
  4019 | D:6      | Reached skill level 5 in Axes
  4060 | D:6      | Found Odut's Hallowed Reliquary.
  4060 | D:6      | Noticed an angel
  4311 | D:6      | Found Cidaeci's Gadget Shoppe.
  4326 | D:6      | Found an ancient bone altar of Kikubaaqudgha.
  4398 | D:6      | Noticed a gargoyle
  4411 | D:6      | HP: 1/62 [gargoyle/stone arrow (18)]
  4411 | D:6      | Mangled by a gargoyle

Skill      XL: |  1  2  3  4  5  6  7 |
---------------+----------------------+-----
Axes           | 3 4 5 |  5.1
Shields        | 4 5 6 |  6.8
Armour         | 4 5 6 |  6.0
Fighting       | 4 5 |  5.9
Dodging        | 1 2 3 |  3.6
Stealth        | |  0.1

Action                   |  1- 3 |  4- 6 |  7- 9 || total
-------------------------+-------+-------+-------++-------
Melee: War axe           |   115 |   186 |   129 ||   430
       Headbutt          |     9 |    27 |    21 ||    57
  Use: Scroll            |     3 |     1 |     5 ||     9
       Potion            |       |       |     8 ||     8
  Eat: Chunk             |     1 |     6 |     6 ||    13
Armor: Scale mail        |    56 |       |       ||    56
       Chain mail        |       |   115 |    72 ||   187
Dodge: Dodged            |    17 |    45 |    46 ||   108
Block: Shield            |    60 |    93 |    93 ||   246
